 Dungeon Crawl Stone Soup version 0.29.1-1-gd02db6906a (webtiles) character file.

Game seed: 7703265530017884703

80 Linkola the Cudgeller (level 4, 0/52 (61) HPs)
             Began as a Minotaur Berserker on Sept 19, 2022.
             Was a Believer of Trog.
             Slain by Terence
             ... wielding the +7 Throatcutter {drain, coup de grace}
              (2 damage)
             ... on level 2 of the Dungeon.
             The game lasted 00:04:34 (1529 turns).

Linkola the Cudgeller (Minotaur Berserker)          Turns: 1529, Time: 00:04:36

HP:   0/52 (61)     AC:  6    Str: 24    XL:     4   Next: 18%
MP:   3/3           EV: 10    Int:  4    God:    Trog [**....]
Gold: 98            SH:  0    Dex:  9    Spells: 3/3 levels left

rFire   . . .      SeeInvis .   a - +0 mace
rCold   . . .      Faith    .   (no shield)
rNeg    . . .      Spirit   .   j - +0 scale mail
rPois   .          Reflect  .   (helmet restricted)
rElec   .          Harm     .   (no cloak)
rCorr   .          Rampage  .   (no gloves)
Will    .....                   (no boots)
Stlth   ..........              (no amulet)
HPRegen 0.17/turn               (no ring)
MPRegen 0.08/turn               (no ring)

@: berserking, heavily drained, very quick
A: horns 2, retaliatory headbutt
a: Renounce Religion, Berserk, Trog's Hand


You were on level 2 of the Dungeon.
You worshipped Trog.
Trog was pleased with you.
You visited 1 branch of the dungeon, and saw 2 of its levels.

You collected 98 gold pieces.

Inventory:

Hand Weapons
 a - a +0 mace (weapon)
Armour
 j - a +0 scale mail (worn)
Scrolls
 g - a scroll of teleportation
Potions
 b - a potion of heal wounds {unknown}
 c - a potion of curing {unknown}
 d - 4 potions of might {unknown}
 e - a potion of magic {unknown}
 h - a potion of brilliance {unknown}


   Skills:
 + Level 4.3 Fighting
 + Level 5.0 Maces & Flails
 + Level 3.1 Armour
 + Level 2.6 Dodging


You had 3 spell levels left.
You didn't know any spells.
Your spell library was empty.

Dungeon Overview and Level Annotations

Branches:
Dungeon (2/15)

Altars:

Shops:
D:1 =

Annotations:
D:2 Terence


Innate Abilities, Weirdness & Mutations

You have a pair of horns on your head.
You reflexively headbutt those who attack you in melee.


Message History

Terence is wielding the +7 Throatcutter {drain, coup de grace}.
Terence shouts!
The adder hisses angrily.
You see here 12 gold pieces.
Terence hits you with the +7 Throatcutter {drain, coup de grace}!
You feel drained. The adder barely misses you.
You hit Terence. You headbutt Terence, but do no damage.
Terence is lightly wounded.
The adder barely misses you.
Terence hits you with the +7 Throatcutter {drain, coup de grace}!
You feel drained. The adder bites you but does no damage.
Terence hits you with the +7 Throatcutter {drain, coup de grace}.
You feel drained.
A red film seems to cover your vision as you go berserk!
You feel yourself moving faster!
You feel mighty! The adder barely misses you. Terence barely misses you.
You closely miss Terence.
Terence is lightly wounded.
The adder bites you but does no damage. The worm barely misses you.
You sock the adder! Your headbutt misses the adder.
The adder is almost dead.
Terence says, "Did you write a will?
You should..."
Terence hits you with the +7 Throatcutter {drain, coup de grace}!
* * * LOW HITPOINT WARNING * * *
You feel drained.
* * * LOW HITPOINT WARNING * * *
The adder barely misses you. You furiously retaliate!
You headbutt the adder!!
You kill the adder!
Trog accepts your kill.
Your Maces & Flails skill increases to level 5!
You barely miss Terence.
Terence is lightly wounded.
Terence barely misses you.
You sock Terence!
Terence is severely wounded.
The worm bites you.
* * * LOW HITPOINT WARNING * * *
Terence hits you with the +7 Throatcutter {drain, coup de grace}.
* * * LOW HITPOINT WARNING * * *
You feel drained.
You die...

..............#
.....>...)....## ....
.........)......† ...
.####............ #.. .#
##.......#... #.. .###
###..#..##.. #####..##...#
#..#.###.# #.......w##.#
##..#.# #.#
#.......@@..####.†...# #.#
#.......$............###..
#.............##..........
.....................#....
#..........<..............
#....................#.##.
#......................#..
#................###...#..
#########.####.#..####....


You could see Terence and a worm.

Vanquished Creatures
  2 adders (D:2)
  6 dart slugs
  6 bats
  6 endoplasms
  2 giant cockroaches (D:1)
  4 goblins
  5 hobgoblins
  2 jackals (D:1)
  2 quokkas (D:1)
  5 ball pythons (D:1)
  A kobold (D:2)
  5 rats
46 creatures vanquished.

Notes
Turn   | Place    | Note
-------+----------+-------------------------------------------
     0 | D:1      | Linkola the Minotaur Berserker began the quest for the Orb.
     0 | D:1      | Reached XP level 1. HP: 19/19 MP: 0/0
   167 | D:1      | Found Ponu's Jewellery Emporium.
   237 | D:1      | Reached skill level 4 in Maces & Flails
   242 | D:1      | Reached XP level 2. HP: 20/27 MP: 1/1
   601 | D:1      | Reached ** piety under Trog
   604 | D:1      | Reached XP level 3. HP: 25/33 MP: 2/2
  1381 | D:2      | Reached XP level 4. HP: 32/40 MP: 3/3
  1518 | D:2      | Noticed Terence
  1528 | D:2      | Reached skill level 5 in Maces & Flails
  1529 | D:2      | HP: 2/54 [Terence/the +7 Throatcutter {drain, coup de
                  | grace} (4)]
  1529 | D:2      | Slain by Terence

Illustrated notes

Levels and vault maps discovered:
D:1:      amcnicky_arrival_gap_in_the_tavern_cellar, layout_loops_ring,
          serial_shops, nicolae_lakefront_shop, minmay_misc_feat_more_columns,
          minmay_heptomino_w4
D:2:      layout_rooms, shapermc_ecumenical_altar_pompeii, uniq_terence

Skill      XL: |  1  2  3  4 |
---------------+-------------+-----
Maces & Flails | 4 5 |  5.0
Fighting       | 4 |  4.3
Armour         | 3 |  3.1
Dodging        | |  2.6

Action                   |  1- 3 |  4- 6 || total
-------------------------+-------+-------++-------
Melee: Mace              |    77 |     6 ||    83
       Headbutt          |     7 |     2 ||     9
Invok: Berserk           |       |     1 ||     1
  Use: Scroll            |     4 |       ||     4
Armor: Ring mail         |    26 |       ||    26
       Animal skin       |     1 |       ||     1
       Scale mail        |     7 |     2 ||     9
Dodge: Dodged            |    68 |     7 ||    75
